 Dungeon Sprint DCSS version 0.29.1-14-g9c671dbff4 (webtiles) character file.

Game seed: 17011829069339635863

148 theswoord the Frost Mage (level 5, -1/63 HPs)
             Began as a Naga Ice Elementalist on Feb 13, 2023.
             Slain by a shadow imp (2 damage)
             ... in the Dungeon (Sprint IX: "|||||||||||||||||||||||||||||").
             The game lasted 00:01:17 (276 turns).

theswoord the Frost Mage (Naga Ice Elementalist)     Turns: 276, Time: 00:01:18

Health: -1/63      AC:  2    Str: 10    XL:     5   Next: 30%
Magic:  9/14       EV:  9    Int: 18    God:
Gold:   0          SH:  0    Dex: 11    Spells: 16/17 levels left

rFire   . . .      SeeInvis +   h - +0 short sword
rCold   . . .      Faith    .   (no shield)
rNeg    . . .      Spirit   .   a - +0 robe
rPois   +          Reflect  .   (no helmet)
rElec   .          Harm     .   (no cloak)
rCorr   .          Rampage  .   (no gloves)
Will    .....      NoTele   +   (no barding)
Stlth   ..........              (no amulet)
HPRegen 0.20/turn               (no ring)
MPRegen 0.14/turn               (no ring)

@: berserking (expiring), hasted, quick
A: AC +1, large, see invisible, deformed body, poison resistance, slowness 2,
spit poison 1, naga tail 1
a: Spit Poison


You were in the Dungeon.
You visited 1 branch

Inventory:

Hand Weapons
 h - a +0 short sword (weapon)
Armour
 a - a +0 robe (worn)
Scrolls
 g - a scroll of blinking
Potions
 b - 2 potions of magic
 c - a potion of curing
 d - a potion of heal wounds


   Skills:
 - Level 1.5 Dodging
 - Level 3.0 Stealth
 + Level 6.9 Spellcasting
 + Level 8.3 Ice Magic


You had 16 spell levels left.
You knew the following spells:

 Your Spells              Type           Power      Damage    Failure   Level
a - Freeze                Ice            100%       1d11      1%          1

Your spell library contained the following spells:

 Spells                   Type           Power      Damage    Failure   Level
 Frozen Ramparts          Ice            72%        1d11      1%          3
 Ozocubu's Armour         Ice            36%        N/A       1%          3
 Hailstorm                Conj/Ice       21%        3d6       21%         4


Dungeon Overview and Level Annotations

Branches:
Dungeon (1/1)

Altars:


Innate Abilities, Weirdness & Mutations

Your serpentine skin is tough. (AC +1)
You have supernaturally acute eyesight. (SInv)
Armour fits poorly on your strangely shaped body.
Your system is resistant to poisons. (rPois)
You cover ground very slowly.
You can spit poison.
You have a snake-like lower body.


Message History

The black bear is severely wounded.
The black bear goes berserk!
Casting: Freeze (safe; 1% risk of failure)
Confirm with . or Enter, or press ? or * to list all spells.
Aiming: Freeze (safe; 1% risk of failure)
Press: ? - help, Shift-Dir - straight line, f/p - black bear
Aim: a black bear (severely wounded, berserk)
You freeze the black bear.
The black bear is almost dead.
The black bear bites you!
* * * LOW HITPOINT WARNING * * *
The black bear claws you.
* * * LOW HITPOINT WARNING * * *
The black bear closely misses you.
A red film seems to cover your vision as you go berserk!
You feel yourself moving faster!
You feel mighty! The black bear bites you.
* * * LOW HITPOINT WARNING * * *
The black bear claws you but does no damage.
The black bear claws you.
* * * LOW HITPOINT WARNING * * *
You puncture the black bear!
You kill the black bear!
Your Spellcasting skill increases to level 6!
Your Ice Magic skill gained 2 levels and is now at level 8!
You have reached level 5!
You are too berserk!
You puncture the dart slug!
You kill the dart slug!
You closely miss the shadow imp. You puncture the shadow imp!
The shadow imp is severely wounded.
The shadow imp closely misses you.
You closely miss the shadow imp.
The shadow imp is severely wounded.
The shadow imp hits you.
* * * LOW HITPOINT WARNING * * *
You barely miss the shadow imp.
The shadow imp is severely wounded.
The shadow imp hits you.
You die...

▓.▓
▓.▓
▓.▓
▓'▓
▓)▓
▓.▓
▓.▓
▓.▓
▓@▓
▓5▓
▓.▓
▓.▓
▓.▓
▓.▓
▓.▓
▓+▓


You could see a shadow imp.

Vanquished Creatures
  A black bear (D)
  2 iguanas (D)
  A dart slug (D)
  An endoplasm (D)
  2 kobolds (D)
  2 quokkas (D)
9 creatures vanquished.

Notes
Turn   | Place    | Note
-------+----------+-------------------------------------------
     0 | D        | theswoord the Naga Ice Elementalist began the quest for the
                  | Orb.
     0 | D        | Reached XP level 1. HP: 15/15 MP: 3/3
    23 | D        | Reached XP level 2. HP: 6/22 MP: 0/6
   255 | D        | Noticed a black bear
   260 | D        | Reached skill level 5 in Ice Magic
   260 | D        | Reached XP level 3. HP: 28/28 MP: 2/8
   264 | D        | Reached skill level 5 in Spellcasting
   264 | D        | Reached skill level 6 in Ice Magic
   264 | D        | Reached XP level 4. HP: 22/36 MP: 0/11
   269 | D        | HP: 2/54 [black bear (4)]
   270 | D        | Killed a black bear
   271 | D        | Reached skill level 8 in Ice Magic
   271 | D        | Reached XP level 5. HP: 3/42 MP: 9/14
   275 | D        | HP: 1/63 [shadow imp (2)]
   276 | D        | Slain by a shadow imp

Skill      XL: |  1  2  3  4 |
---------------+-------------+-----
Spellcasting   | 3 4 5 6 |  6.9
Ice Magic      | 5 6 8 |  8.3
Dodging        | |  1.5
Stealth        | |  3.0

Action                   |  1- 3 |  4- 6 || total
-------------------------+-------+-------++-------
Melee: Unarmed           |    14 |       ||    14
       Short sword       |     1 |     6 ||     7
 Cast: Freeze            |    10 |     4 ||    14
  Use: Potion            |     1 |     2 ||     3
 Stab: Sleeping          |     1 |       ||     1
Armor: Robe              |     2 |     1 ||     3
Dodge: Dodged            |    10 |     4 ||    14

Levels and vault maps discovered:
D:        linesprint [early_d, line_temple, items_1, d_10, items_2, lair_1,
          lair_end, items_3, orc_1, orc_end, items_4, d_15, swamp_1, shoals_1,
          snake_1, spider_1, d_20, vaults_1, items_5, swamp_end, shoals_end,
          snake_end, spider_end, vaults_end, d_27, items_6, zot_1, zot_end,
          crypt_end, forest_end, elf_end, slime_end, tomb_end, abyss_end,
          pan_hell_end]
